 Dungeon Crawl Stone Soup version 0.30-a0-170-g85af917532 (webtiles) character file.

Game seed: 12665090538241018958

1992 qw the Cleaver (level 9, -6/56 HPs)
             Began as a Gargoyle Fighter on Sept 30, 2022.
             Was an Initiate of Okawaru.
             Mangled by a gnoll
             ... wielding a +0 halberd
             ... led by a gnoll sergeant
              (8 damage)
             ... on level 7 of the Dungeon.
             The game lasted 00:02:22 (7474 turns).

qw the Cleaver (Gargoyle Fighter)                   Turns: 7474, Time: 00:02:23

Health: -6/56      AC: 18    Str: 24    XL:     9   Next: 21%
Magic:  9/9        EV: 12    Int:  9    God:    Okawaru [......]
Gold:   326        SH:  4    Dex:  9    Spells: 8/8 levels left

rFire   + . .      SeeInvis .    Y - +3 war axe (chaos)
rCold   . . .      Faith    .    c - +0 buckler
rNeg    + . .      Spirit   .    r - +0 chain mail {rF+}
rPois   inf        Reflect  .    n - +0 helmet
rElec   +          Harm     .    (no cloak)
rCorr   .          Rampage  .    b - +0 pair of gloves
Will    .....                    (no boots)
Stlth   ..........               (no amulet)
HPRegen 0.18/turn                v - +4 ring of evasion
MPRegen 0.11/turn                (no ring)

@: no status effects
A: sickness immunity, AC +6, negative energy resistance 1, electricity
resistance, torment resistance 1, petrification resistance
a: Renounce Religion


You were on level 7 of the Dungeon.
You worshipped Okawaru.
Okawaru was noncommittal.
You visited 2 branches of the dungeon, and saw 8 of its levels.

You collected 326 gold pieces.


Innate Abilities, Weirdness & Mutations

You are immune to sickness and miasma.
Your stone body is resilient. (AC +6)
You are immune to poison.
You resist negative energy. (rN+)
You are resistant to electric shocks. (rElec)
You are resistant to unholy torment.
You are immune to petrification.


   Skills:
 + Level 6.9 Fighting
 - Level 9.0 Axes
 - Level 4.1 Armour
 - Level 1.4 Dodging
 - Level 4.1 Shields


You had 8 spell levels left.
You didn't know any spells.
Your spell library was empty.

Inventory:

Hand Weapons
 e - a +1 flail of venom
 Y - a +3 war axe of chaos (weapon)
Armour
 b - a +0 pair of gloves (worn)
 c - a +0 buckler (worn)
 n - a +0 helmet (worn)
 r - a +0 chain mail of fire resistance (worn)
Jewellery
 f - a ring of fire
 v - a +4 ring of evasion (left hand)
Scrolls
 j - a scroll of identify
Potions
 a - a potion of curing
 d - 2 potions of might
 k - a potion of attraction
 l - a potion of mutation
 m - a potion of haste
 o - 2 potions of lignification
 u - a potion of berserk rage {unknown}

Dungeon Overview and Level Annotations

Branches:
Dungeon (7/15)             Temple (1/1) D:6

Altars:
Cheibriados
Dithmenos
Elyvilon
Fedhas
Gozag
Hepliaklqana
Kikubaaqudgha
Okawaru
Qazlal
Ru
Sif Muna
Trog
Uskayaw
Vehumet
Wu Jian
Xom
Yredelemnul
Zin
The Shining One

Shops:
D:6 ::


Message History

You slash the gnoll! The gnoll sergeant closely misses you.
The gnoll sergeant hits you but does no damage.
The gnoll barely misses you.
The gnoll hits you from afar with a +0 halberd.
You slash the gnoll!
You kill the gnoll!
Okawaru accepts your kill.
The gnoll sergeant hits you but does no damage.
The gnoll sergeant misses you.
The kobold throws a stone.
The stone barely misses you. The gnoll misses you. The gnoll barely misses you.
You closely miss the kobold. The gnoll sergeant barely misses you.
The gnoll sergeant hits you but does no damage.
The kobold closely misses you.
The gnoll hits you from afar with a +0 spear.
The gnoll hits you but does no damage.
You hit the kobold. You freeze the kobold.
The kobold is severely wounded.
You hit the kobold. You burn the kobold.
You kill the kobold!
Okawaru accepts your kill.
The gnoll sergeant hits you from afar with a +1 vampiric trident!
The gnoll sergeant barely misses you. The gnoll hits you but does no damage.
The gnoll completely misses you. The kobold barely misses you.
The gnoll barely misses you.
You closely miss the kobold.
The kobold is severely wounded.
The gnoll sergeant barely misses you.
The gnoll sergeant hits you from afar with a +0 trident.
The gnoll misses you. You block the kobold's attack.
The gnoll hits you but does no damage. The gnoll misses you.
You closely miss the kobold.
The kobold is severely wounded.
You block the gnoll sergeant's attack. The gnoll hits you but does no damage.
The gnoll sergeant hits you from afar with a +0 trident.
The kobold hits you with a +0 short sword.
You block the gnoll's attack.
The gnoll hits you from afar with a +0 halberd!
You die...

# #.........# #.
#........<#
#.##.........#
...............
#.#...gKKK....
....ggggcK...
#.K))gKK..#
#.#@######
#.#.##...
#...##.# ##.....#
###.#..##
....#...###
###.......#
##.####.#######.#
................#


You could see a kobold brigand, 2 gnoll sergeants, a centaur, 4 gnolls and 6
kobolds.

Vanquished Creatures
  3 water moccasins
  Duvessa (D:5)
  An orc warrior (D:6)
  2 black bears
  An ogre (D:6)
  2 phantoms
  Blork the orc (D:6)
  2 kobold brigands
  A necrophage (D:7)
  3 scorpions
  Dowan (D:5)
  A howler monkey (D:4)
  A hound (D:5)
  2 orc priests (D:5)
  Ijyb (D:5)
  4 iguanas
  An orc wizard (D:6)
  10 adders
  9 gnolls
  2 white imps (D:5)
  An ufetubus (D:6)
  2 dart slugs
  12 orcs
  3 endoplasms
  4 giant cockroaches
  8 goblins
  10 hobgoblins
  6 jackals
  5 quokkas
  11 ball pythons
  3 bats
  3 frilled lizards
  11 kobolds
  6 rats
134 creatures vanquished.

Notes
Turn   | Place    | Note
-------+----------+-------------------------------------------
     0 | D:1      | qw the Gargoyle Fighter began the quest for the Orb.
     0 | D:1      | Reached XP level 1. HP: 14/14 MP: 1/1
     0 | D:1      | 0 ||| qw: Version: 0.2-a-12-gaebbb33
     0 | D:1      | 0 ||| qw: Game counter: 1476
     0 | D:1      | 0 ||| qw: Always use a shield: true
     0 | D:1      | 0 ||| qw: God list: Okawaru
     0 | D:1      | 0 ||| qw: Allow faded altars: false
     0 | D:1      | 0 ||| qw: Do Orc after D:15 true
     0 | D:1      | 0 ||| qw: Do second Lair branch before Depths: true
     0 | D:1      | 0 ||| qw: Lair rune preference: random
     0 | D:1      | 0 ||| qw: Plans: Normal, Zot:1-4, God:TSO, Crypt, Tomb,
                  | Pan, Slime:5, Hells, Abyss, Orb
     0 | D:1      | 0 ||| PLANNING D:1-11
    96 | D:1      | 96 ||| Stepping ~*~*~tactically~*~*~ (hiding).
   101 | D:1      | Reached skill level 2 in Axes
   226 | D:1      | Reached XP level 2. HP: 19/19 MP: 2/2
   321 | D:1      | 321 ||| DROPPING +0 whip.
   409 | D:1      | Reached skill level 3 in Axes
   420 | D:1      | Reached XP level 3. HP: 23/23 MP: 3/3
  1392 | D:1      | 1392 ||| UPGRADING to +0 helmet.
  1397 | D:1      | 1397 ||| READING scroll labelled SOGGAD PYUFUUST.
  1398 | D:1      | 1398 ||| READING scroll labelled CAYRAY PIFARGH.
  1399 | D:1      | 1399 ||| READING scroll labelled GEIVIKKE HACI.
  1403 | D:1      | 1403 ||| READING 2 scrolls labelled UCYCRE YCIVEI.
  1404 | D:1      | 1404 ||| READING scroll labelled MARPHI FEIWA.
  1405 | D:1      | 1405 ||| READING scroll labelled WUESIE NAHU.
  1406 | D:1      | 1406 ||| DRINKING 2 metallic brown potions.
  1446 | D:2      | 1446 ||| STAIRDANCE
  1530 | D:2      | 1530 ||| Stepping ~*~*~tactically~*~*~ (stealth).
  1617 | D:2      | 1617 ||| Stepping ~*~*~tactically~*~*~ (stealth).
  1650 | D:2      | 1650 ||| Stepping ~*~*~tactically~*~*~ (stealth).
  1671 | D:2      | 1671 ||| Stepping ~*~*~tactically~*~*~ (stealth).
  1698 | D:2      | 1698 ||| Stepping ~*~*~tactically~*~*~ (stealth).
  1700 | D:2      | 1700 ||| Stepping ~*~*~tactically~*~*~ (hiding).
  1707 | D:2      | Reached XP level 4. HP: 20/28 MP: 4/4
  1759 | D:2      | 1759 ||| FLEEEEING.
  1760 | D:2      | 1760 ||| FLEEEEING.
  1847 | D:2      | Reached skill level 4 in Axes
  1851 | D:2      | HP: 7/28 [gnoll/+0 spear of venom (3)]
  1853 | D:2      | HP: 2/28 [gnoll/+0 spear of venom (5)]
  2036 | D:2      | 2036 ||| Stepping ~*~*~tactically~*~*~ (stealth).
  2151 | D:2      | Found an opulent altar of Gozag.
  2265 | D:2      | Identified the +4 dagger of Reason {drain, rC+}
  2329 | D:2      | Reached XP level 5. HP: 30/32 MP: 5/5
  2396 | D:2      | 2396 ||| READING scroll of enchant weapon.
  2396 | D:2      | 2396 ||| ENCHANTING +1 war axe.
  2645 | D:2      | Found a faded altar of an unknown god.
  2694 | D:2      | 2694 ||| READING scroll labelled CUEBRI POTEX.
  2695 | D:2      | 2695 ||| READING scroll labelled RUSUAT EKOREOXKI.
  2696 | D:2      | 2696 ||| READING scroll labelled RUDUFUE KYDOZA.
  2697 | D:2      | 2697 ||| READING scroll labelled PAHIBE ABEA.
  2698 | D:2      | 2698 ||| DRINKING 2 amethyst potions.
  2699 | D:2      | 2699 ||| READING 2 scrolls of identify.
  2699 | D:2      | 2699 ||| IDENTIFYING sedimented amethyst potion
  2726 | D:2      | 2726 ||| STAIRDANCE
  2760 | D:3      | 2760 ||| Stepping ~*~*~tactically~*~*~ (stealth).
  2892 | D:3      | 2892 ||| Stepping ~*~*~tactically~*~*~ (stealth).
  2895 | D:3      | 2895 ||| Stepping ~*~*~tactically~*~*~ (stealth).
  2895 | D:3      | Found a bloodstained altar of Trog.
  2896 | D:3      | 2896 ||| Stepping ~*~*~tactically~*~*~ (stealth).
  2908 | D:3      | Reached skill level 5 in Axes
  2913 | D:3      | 2913 ||| Stepping ~*~*~tactically~*~*~ (stealth).
  2932 | D:3      | 2932 ||| Stepping ~*~*~tactically~*~*~ (stealth).
  2933 | D:3      | 2933 ||| Stepping ~*~*~tactically~*~*~ (stealth).
  3395 | D:3      | 3395 ||| DROPPING scarf of harm.
  3396 | D:3      | 3396 ||| UPGRADING to +1 scale mail of poison resistance.
  3406 | D:3      | 3406 ||| DROPPING +0 scale mail.
  3407 | D:3      | 3407 ||| UPGRADING to +4 ring of evasion.
  3408 | D:3      | 3408 ||| READING scroll labelled VOQURO HYINER.
  3409 | D:3      | 3409 ||| DRINKING 2 blue potions.
  3410 | D:3      | 3410 ||| READING 2 scrolls of identify.
  3410 | D:3      | 3410 ||| IDENTIFYING inky potion
  3411 | D:3      | 3411 ||| DROPPING potion of degeneration.
  3412 | D:3      | 3412 ||| DROPPING potion of brilliance.
  3464 | D:4      | Noticed a kobold brigand
  3472 | D:4      | Killed a kobold brigand
  3473 | D:4      | Reached XP level 6. HP: 31/39 MP: 6/6
  3473 | D:4      | 3473 ||| FLEEEEING.
  3474 | D:4      | 3474 ||| FLEEEEING.
  3475 | D:4      | 3475 ||| FLEEEEING.
  3476 | D:4      | 3476 ||| FLEEEEING.
  3477 | D:4      | 3477 ||| FLEEEEING.
  3483 | D:4      | 3483 ||| FLEEEEING.
  3485 | D:4      | 3485 ||| FLEEEEING.
  3486 | D:4      | 3486 ||| STAIRDANCE
  3530 | D:3      | 3530 ||| READING 2 scrolls of identify.
  3530 | D:3      | 3530 ||| IDENTIFYING red potion
  3842 | D:4      | 3842 ||| READING scroll of enchant weapon.
  3842 | D:4      | 3842 ||| ENCHANTING +2 war axe of chaos.
  4111 | D:4      | Reached skill level 1 in Dodging
  4189 | D:4      | Noticed a black bear
  4194 | D:4      | Killed a black bear
  4316 | D:4      | 4316 ||| Stepping ~*~*~tactically~*~*~ (stealth).
  4463 | D:4      | 4463 ||| READING scroll labelled LUSEHA BIUDD.
  4464 | D:4      | 4464 ||| READING scroll labelled AKOMIRPHO KUY.
  4499 | D:5      | Entered Level 5 of the Dungeon
  4499 | D:5      | Noticed a water moccasin
  4510 | D:5      | 4510 ||| STAIRDANCE
  4565 | D:5      | Killed a water moccasin
  4566 | D:5      | Reached skill level 6 in Axes
  4566 | D:5      | Reached XP level 7. HP: 42/44 MP: 7/7
  4582 | D:5      | 4582 ||| Stepping ~*~*~tactically~*~*~ (hiding).
  4583 | D:5      | 4583 ||| Stepping ~*~*~tactically~*~*~ (hiding).
  4585 | D:5      | 4585 ||| Stepping ~*~*~tactically~*~*~ (hiding).
  4587 | D:5      | 4587 ||| Stepping ~*~*~tactically~*~*~ (hiding).
  4588 | D:5      | 4588 ||| STAIRDANCE
  4735 | D:5      | 4735 ||| Stepping ~*~*~tactically~*~*~ (stealth).
  4737 | D:5      | 4737 ||| Stepping ~*~*~tactically~*~*~ (hiding).
  4749 | D:5      | HP: 11/44 [orc priest/divine providence (12)]
  4750 | D:5      | 4750 ||| READING scroll of teleportation.
  4751 | D:5      | 4751 ||| DRINKING potion of heal wounds.
  4776 | D:5      | 4776 ||| FLEEEEING.
  4777 | D:5      | 4777 ||| FLEEEEING.
  4778 | D:5      | 4778 ||| FLEEEEING.
  4779 | D:5      | 4779 ||| FLEEEEING.
  4780 | D:5      | 4780 ||| FLEEEEING.
  4781 | D:5      | 4781 ||| STAIRDANCE
  4889 | D:4      | 4889 ||| UPGRADING to +0 pair of gloves.
  4894 | D:4      | 4894 ||| READING 2 scrolls of identify.
  4894 | D:4      | 4894 ||| IDENTIFYING orange potion
  4895 | D:4      | 4895 ||| DROPPING potion of flight.
  4931 | D:5      | 4931 ||| Stepping ~*~*~tactically~*~*~ (stealth).
  4933 | D:5      | 4933 ||| Stepping ~*~*~tactically~*~*~ (stealth).
  4942 | D:5      | Reached skill level 7 in Axes
  5046 | D:5      | 5046 ||| Stepping ~*~*~tactically~*~*~ (hiding).
  5166 | D:5      | Noticed Dowan
  5167 | D:5      | 5167 ||| Stepping ~*~*~tactically~*~*~ (hiding).
  5173 | D:5      | Noticed Duvessa
  5177 | D:5      | Killed Dowan
  5180 | D:5      | HP: 10/44 [Duvessa/+0 short sword (4)]
  5180 | D:5      | HP: 4/44 [Duvessa/+0 short sword (6)]
  5185 | D:5      | Killed Duvessa
  5186 | D:5      | Reached XP level 8. HP: 5/49 MP: 8/8
  5650 | D:5      | Noticed Ijyb
  5651 | D:5      | 5651 ||| Stepping ~*~*~tactically~*~*~ (hiding).
  5663 | D:5      | Killed Ijyb
  5952 | D:5      | 5952 ||| UPGRADING to +0 chain mail.
  5962 | D:5      | 5962 ||| UPGRADING to +0 chain mail of fire resistance.
  5972 | D:5      | 5972 ||| DROPPING +0 chain mail.
  5973 | D:5      | 5973 ||| DROPPING +1 scale mail of poison resistance.
  5974 | D:5      | 5974 ||| DROPPING ring of magical power.
  5975 | D:5      | 5975 ||| READING 2 scrolls labelled MICORCH BUOMAO.
  6076 | D:5      | 6076 ||| DRINKING 2 clear potions.
  6177 | D:5      | 6177 ||| DRINKING 2 white potions.
  6208 | D:5      | 6208 ||| DROPPING scroll of silence.
  6209 | D:5      | 6209 ||| DROPPING potion of ambrosia.
  6259 | D:6      | Reached skill level 8 in Axes
  6350 | D:6      | Found Ocooreq's Book Emporium.
  6575 | D:6      | Reached skill level 6 in Fighting
  6594 | D:6      | 6594 ||| Stepping ~*~*~tactically~*~*~ (stealth).
  6656 | D:6      | 6656 ||| DROPPING +0 flail.
  6680 | D:6      | Noticed Blork the orc
  6681 | D:6      | 6681 ||| Stepping ~*~*~tactically~*~*~ (hiding).
  6688 | D:6      | Killed Blork the orc
  6905 | D:6      | 6905 ||| FLEEEEING.
  6906 | D:6      | 6906 ||| FLEEEEING.
  6907 | D:6      | 6907 ||| FLEEEEING.
  6908 | D:6      | 6908 ||| FLEEEEING.
  6909 | D:6      | 6909 ||| FLEEEEING.
  6910 | D:6      | 6910 ||| FLEEEEING.
  6960 | D:6      | Found Tuutyite's Book Boutique.
  7000 | D:6      | 7000 ||| Stepping ~*~*~tactically~*~*~ (stealth).
  7012 | D:6      | Reached skill level 9 in Axes
  7012 | D:6      | Reached XP level 9. HP: 55/55 MP: 9/9
  7151 | D:6      | Found a staircase to the Ecumenical Temple.
  7152 | D:6      | 7152 ||| PLANNING TEMPLE
  7152 | D:6      | 7152 ||| READING 3 scrolls of identify.
  7152 | D:6      | 7152 ||| IDENTIFYING fuming ruby potion
  7153 | D:6      | 7153 ||| READING 2 scrolls of identify.
  7153 | D:6      | 7153 ||| IDENTIFYING viscous dark potion
  7154 | D:6      | 7154 ||| DROPPING potion of magic.
  7160 | Temple   | Entered the Ecumenical Temple
  7185 | Temple   | 7185 ||| PLANNING OKAWARU WORSHIP
  7260 | Temple   | Became a worshipper of Warmaster Okawaru
  7261 | Temple   | 7261 ||| PLANNING D:1-11
  7411 | D:7      | 7411 ||| Stepping ~*~*~tactically~*~*~ (stealth).
  7413 | D:7      | 7413 ||| Stepping ~*~*~tactically~*~*~ (stealth).
  7472 | D:7      | HP: 10/56 [gnoll sergeant/+1 vampiric trident (9)]
  7474 | D:7      | HP: 4/56 [gnoll sergeant/+0 trident (6)]
  7474 | D:7      | Mangled by a gnoll

Levels and vault maps discovered:
D:1:      sevenhm_arrival_forest_fort_small_4, layout_loops_corners,
          serial_forest, infiniplex_forest_end_1, infiniplex_forest_corner_1,
          infiniplex_forest_lined_room_, infiniplex_forest_end_2,
          chequers_big_river, minmay_misc_feat_enclosed,
          minmay_stone_trees_medium, grunt_decor_junction,
          nicolae_concentric_dashed_squares_mild
D:2:      layout_rooms, nicolae_ecumenical_lake_church, basic_altar,
          grunt_decor_arrowhead, minmay_snake_closets
D:3:      layout_rooms, trog_hazing_becter
D:4:      layout_cave_pods, nicolae_hexahallways, serial_bayou_pond_e
D:5:      layout_basic, serial_glass, glass_columns_a, glass_columns_a,
          uniq_duvessa, uniq_ijyb
D:6:      layout_loops_ring, minmay_temple_entry_fiery, serial_shops,
          kennysheep_little_box, nicolae_stop_n_shop_2, uniq_blork_the_orc
D:7:      layout_basic, hangedman_feature_mirror
Temple:   compressed_dpeg_circular_temple

Skill      XL: |  1  2  3  4  5  6  7  8  9 |
---------------+----------------------------+-----
Axes           | 2 3 4 5 6 7 9 |  9.0
Fighting       | 4 5 6 |  6.9
Dodging        | 1 |  1.4
Armour         | 4 |  4.1
Shields        | 4 |  4.1

Action                   |  1- 3 |  4- 6 |  7- 9 || total
-------------------------+-------+-------+-------++-------
Melee: War axe           |    93 |   173 |   140 ||   406
Throw: Boomerang         |     1 |    55 |       ||    56
  Use: Scroll            |     6 |    12 |     5 ||    23
       Potion            |     1 |     2 |     3 ||     6
 Stab: Paralysed         |       |     1 |     2 ||     3
Armor: Scale mail        |    42 |    85 |    22 ||   149
       Chain mail        |       |       |    50 ||    50
Dodge: Dodged            |    38 |    91 |    84 ||   213
Block: Buckler           |    23 |    32 |    23 ||    78

Table legend:
 A = Non-vault XP
 B = Vault XP
 C = Vault XP percentage of total XP
 D = Non-vault monster count
 E = Vault monster count
 F = Vault count percentage of total count
                 A         B        C        D         E       F
            +---------+---------+-------+---------+---------+-------
      Total |    2413 |     434 |  15.2 |     114 |      20 |  14.9
            +---------+---------+-------+---------+---------+-------
        D:1 |      47 |       0 |   0.0 |      21 |       0 |   0.0
        D:2 |      91 |      73 |  44.5 |      23 |      10 |  30.3
        D:3 |      32 |      11 |  25.6 |      11 |       6 |  35.3
        D:4 |     371 |       0 |   0.0 |      16 |       0 |   0.0
        D:5 |     623 |     251 |  28.7 |      16 |       3 |  15.8
        D:6 |     858 |      99 |  10.3 |      18 |       1 |   5.3
        D:7 |     391 |       0 |   0.0 |       9 |       0 |   0.0
            +---------+---------+-------+---------+---------+-------
